 Dungeon Crawl Stone Soup version 0.27.1-1-g398f81649c (webtiles) character file.

Game seed: 1605096359070521324

102 Elvor the Charlatan (level 4, 0/26 HPs)
             Began as a Gargoyle Artificer on Sept 10, 2021.
             Slain by an orc (1 damage)
             ... on level 3 of the Dungeon.
             The game lasted 00:18:58 (2351 turns).

Elvor the Charlatan (Gargoyle Artificer)            Turns: 2351, Time: 00:18:58

Health: 0/26       AC:  6    Str: 17    XL:     4   Next: 78%
Magic:  1/4        EV: 15    Int: 17    God:
Gold:   105        SH:  0    Dex: 10    Spells: 1/4 levels left

rFire    . . .     SeeInvis .   a - +0 club
rCold    . . .     Faith    .   (no shield)
rNeg     + . .     Spirit   .   b - +0 leather armour
rPois    ∞         Reflect  .   (no helmet)
rElec    +         Harm     .   (no cloak)
rCorr    .         Rampage  .   (no gloves)
Will     .....                  (no boots)
Stlth    +.........             (no amulet)
HPRegen  0.08/turn              c - +4 ring of evasion
MPRegen  0.09/turn              g - +6 ring of intelligence

@: no status effects
A: sickness immunity, AC +3, negative energy resistance 1, electricity
resistance, torment resistance 1, petrification resistance
a: no special abilities


You were on level 3 of the Dungeon.
You visited 1 branch of the dungeon, and saw 3 of its levels.

You collected 105 gold pieces.

Inventory:

Hand Weapons
 a - a +0 club (weapon)
Missiles
 f - 26 stones (quivered)
Armour
 b - a +0 leather armour (worn)
 j - a +0 plate armour
Jewellery
 c - a +4 ring of evasion (left hand)
 g - a +6 ring of intelligence (right hand)
Wands
 d - a wand of charming (11)
Scrolls
 i - 3 scrolls of identify {unknown}
Potions
 h - a potion of magic {unknown}
Miscellaneous
 e - a piece from Xom's chessboard (15/15)


   Skills:
 + Level 1.9 Fighting
 + Level 1.6 Maces & Flails
 + Level 0.3 Throwing
 + Level 2.9 Armour
 + Level 1.3 Dodging
 + Level 1.1 Stealth
 + Level 0.5 Spellcasting
 + Level 1.0 Earth Magic
 + Level 3.3 Evocations


You had one spell level left.
You knew the following spells:

 Your Spells              Type           Power      Damage    Failure   Level
a - Sandblast             Erth           6%         2d5       17%         1
b - Passwall              Tmut/Erth      1%         N/A       32%         2

Your spell library contained the following spells:

 Spells                   Type           Power      Damage    Failure   Level
 Shock                    Conj/Air       0%         1d3       26%         1
 Swiftness                Air            0%         N/A       63%         3
 Airstrike                Air            0%         N/A       95%         4
 Lee's Rapid Deconstruct  Erth           1%         3d5*      99%         5


Dungeon Overview and Level Annotations

Branches:
Dungeon (3/15)

Altars:
Gozag
Kikubaaqudgha


Innate Abilities, Weirdness & Mutations

You are immune to sickness and miasma.
Your stone body is resilient. (AC +3)
You are immune to poison.
You resist negative energy. (rN+)
You are resistant to electric shocks. (rElec)
You are resistant to unholy torment.
You are immune to petrification.


Message History

The goblin barely misses you. The goblin closely misses you.
The goblin hits you with a +0 club.
You hit the goblin but do no damage.
The goblin is heavily wounded.
The goblin barely misses you.
You hit the goblin.
The goblin is severely wounded.
The goblin hits you but does no damage.
You closely miss the goblin.
The goblin is severely wounded.
The goblin hits you but does no damage. The goblin completely misses you.
You hit the goblin.
You kill the goblin!
There is an open door here.
Found an opulent altar of Gozag.
You closely miss the orc. The orc misses you. The orc priest misses you.
Casting: Sandblast (safe; 17% risk of failure)
Confirm with . or Enter, or press ? or * to list all spells.
Aiming: Sandblast (safe; 17% risk of failure)
Press: ? - help, Shift-Dir - straight line, f - orc priest
Aim: an orc priest, wielding a +1 short sword of speed (78% to hit)
The blast of sand hits the orc priest!
The orc priest is heavily wounded.
f - 27 stones The orc priest hits you with a +1 short sword of speed.
The orc hits you with a +0 hand axe.
Casting: Sandblast (safe; 17% risk of failure)
Confirm with . or Enter, or press ? or * to list all spells.
Aiming: Sandblast (safe; 17% risk of failure)
Press: ? - help, Shift-Dir - straight line, f/p - orc priest
Aim: an orc priest, wielding a +1 short sword of speed (heavily wounded, 78% to hit)
The blast of sand hits the orc priest.
The orc priest is severely wounded.
f - 26 stones The orc priest invokes the aid of Beogh against you.
Beogh smites you!
* * * LOW HITPOINT WARNING * * *
The orc hits you with a +0 hand axe.
You die...

#. #### #.+ '##
+.## #.# .'. #...
#.# .#.# #.##
#.+##+ _. .'##+.#
#.#..# #...# #..#.#
#.#..#.'...+ #..#.#
#.oo('###'###+..'.#
#.#@.#)......#..###
#o#..#.......#..#
#)###'###'###'###
#...o.........#
###############


You could see an orc priest and an orc.

Vanquished Creatures
  An orc priest (D:3)
  A gnoll (D:1)
  An adder (D:2)
  2 worms (D:2)
  6 ball pythons (D:1)
  7 bats
  5 endoplasms
  4 giant cockroaches
  4 goblins
  A hobgoblin (D:1)
  3 jackals (D:1)
  2 quokkas (D:2)
  5 frilled lizards
  4 kobolds
  3 rats (D:1)
49 creatures vanquished.

Vanquished Creatures (collateral kills)
  A dart slug (D:2)
  A giant cockroach (D:1)
  A hobgoblin (D:2)
  A jackal (D:1)
  A frilled lizard (D:2)
5 creatures vanquished.

Vanquished Creatures (others)
  A goblin (D:2)
  A ball python (D:2)
2 creatures vanquished.

Grand Total: 56 creatures vanquished

Notes
Turn   | Place    | Note
-------+----------+-------------------------------------------
     0 | D:1      | Elvor the Gargoyle Artificer began the quest for the Orb.
     0 | D:1      | Reached XP level 1. HP: 12/12 MP: 1/1
    73 | D:1      | Reached skill level 3 in Evocations
    78 | D:1      | Reached XP level 2. HP: 11/16 MP: 2/2
   422 | D:1      | Reached skill level 1 in Dodging
   451 | D:1      | Reached XP level 3. HP: 5/20 MP: 3/3
   687 | D:1      | Reached skill level 1 in Maces & Flails
  1513 | D:2      | Reached XP level 4. HP: 20/25 MP: 4/4
  1641 | D:2      | Found an ancient bone altar of Kikubaaqudgha.
  1678 | D:2      | Learned a level 1 spell: Sandblast
  1681 | D:2      | Learned a level 2 spell: Passwall
  2327 | D:3      | Reached skill level 1 in Earth Magic
  2348 | D:3      | Found an opulent altar of Gozag.
  2351 | D:3      | HP: 1/26 [orc priest/divine providence (12)]
  2351 | D:3      | Slain by an orc

Illustrated notes

Levels and vault maps discovered:
D:1:      dpeg_arrival_simpleton_a, layout_loops_cross
D:2:      layout_basic, basic_altar
D:3:      layout_basic, mainiacjoe_overflow_24_doors,
          shapermc_ecumenical_altar_totnotflames, lemuel_old_faithful

Skill      XL: |  1  2  3  4 |
---------------+-------------+-----
Evocations     | 3 |  3.3
Dodging        | 1 |  1.3
Maces & Flails | 1 |  1.6
Earth Magic    | 1 |  1.0
Fighting       | |  1.9
Throwing       | |  0.3
Armour         | |  2.9
Stealth        | |  1.1
Spellcasting   | |  0.5

Action                   |  1- 3 |  4- 6 || total
-------------------------+-------+-------++-------
Melee: Club              |   141 |    75 ||   216
Throw: Stone             |    15 |     4 ||    19
 Cast: Sandblast         |       |    20 ||    20
Evoke: Wand              |    19 |       ||    19
       Piece from Xom's  |     1 |       ||     1
 Stab: Sleeping          |     1 |       ||     1
Armor: Leather armour    |    61 |    18 ||    79
Dodge: Dodged            |   105 |    54 ||   159
